 Dungeon Crawl Stone Soup version 0.29.0-4-gdea44cf6ec (webtiles) character file.

Game seed: 3659967399914073460

216 qw the Ruffian (level 5, -2/42 HPs)
             Began as a Ghoul Fire Elementalist on Aug 30, 2022.
             Slain by an iguana (3 damage)
             ... on level 5 of the Dungeon.
             The game lasted 00:02:30 (2683 turns).

qw the Ruffian (Ghoul Fire Elementalist)            Turns: 2683, Time: 00:02:30

Health: -2/42      AC: 10    Str: 14    XL:     5   Next: 93%
Magic:  6/6        EV:  6    Int: 10    God:
Gold:   123        SH:  0    Dex:  9    Spells: 6/7 levels left

rFire   . . .      SeeInvis .     - Unarmed
rCold   + . .      Faith    .   (no shield)
rNeg    + + +      Spirit   .   p - +0 chain mail
rPois   inf        Reflect  .   (no helmet)
rElec   .          Harm     .   (no cloak)
rCorr   .          Rampage  .   l - +0 pair of gloves
Will    .....                   j - +0 pair of boots
Stlth   ..........              k - amulet of regeneration
HPRegen 0.00/turn               (no ring)
MPRegen 0.10/turn               (no ring)

@: about to teleport, inhibited regen
A: claws 1, cold resistance 1, negative energy resistance 3, inhibited
regeneration, torment resistance 2, devour on kill
a: no special abilities


You were on level 5 of the Dungeon.
You visited 1 branch of the dungeon, and saw 5 of its levels.

You collected 153 gold pieces.
You spent 30 gold pieces at shops.


Innate Abilities, Weirdness & Mutations

You are immune to poison.
You have sharp fingernails.
Your flesh is cold resistant. (rC+)
You are immune to negative energy. (rN+++)
You do not regenerate when monsters are visible.
You are immune to unholy pain and torment.
You thrive by killing the living.


   Skills:
 - Level 2.7 Fighting
 - Level 2.1 Armour
 - Level 1.7 Dodging
 - Level 2.1 Stealth
 + Level 4.3 Unarmed Combat
 - Level 1.7 Spellcasting
 - Level 0.7 Conjurations
 - Level 2.4 Fire Magic


You had 6 spell levels left.
You knew the following spells:

 Your Spells              Type           Power      Damage    Failure   Level
a - Foxfire               Conj/Fire      16%        2x1d4     99%         1

Your spell library contained the following spells:

 Spells                   Type           Power      Damage    Failure   Level
 Scorch                   Fire           10%        2d6       99%         2
 Conjure Flame            Conj/Fire      4%         6-21      100%        3
 Inner Flame              Hex/Fire       3%         N/A       100%        3
 Flame Wave               Conj/Fire      4%         2d5       100%        4

Inventory:

Missiles
 q - 2 boomerangs (quivered)
Armour
 j - a +0 pair of boots (worn)
 l - a +0 pair of gloves (worn)
 p - a +0 chain mail (worn)
Jewellery
 k - an amulet of regeneration (around neck)
Potions
 a - a potion of brilliance {unknown}
 e - a potion of cancellation {unknown}
 f - a potion of invisibility {unknown}
 g - a potion of curing
 h - a potion of lignification {unknown}

Dungeon Overview and Level Annotations

Branches:
Dungeon (6/15)
 Temple: D:4-7

Altars:
Makhleb
Qazlal
Trog

Shops:
D:1 !

Annotations:
D:3 1 transporter, qw's ghost, amateur TeWr


Message History

2671 ||| Stepping ~*~*~tactically~*~*~ (outnumbered).
Found a stone staircase leading down.
2672 ||| Stepping ~*~*~tactically~*~*~ (outnumbered).
The iguana attacks as you move away! The iguana bites you.
You barely miss the iguana. You punch the iguana, but do no damage.
You hit the iguana.
The iguana is moderately wounded.
The iguana bites you.
You hit the iguana.
The iguana is moderately wounded.
A wight comes into view. It is wielding a +5 morningstar.
The iguana bites you.
You hit the iguana but do no damage.
The iguana is moderately wounded.
The iguana bites you but does no damage.
You hit the iguana.
The iguana is severely wounded.
The iguana bites you.
You closely miss the iguana.
The iguana is severely wounded.
The jelly jiggles.
The iguana bites you.
2679 ||| Stepping ~*~*~tactically~*~*~ (hiding).
You closely miss the iguana.
The iguana is severely wounded.
The iguana bites you.
2681 ||| READING scroll of teleportation.
As you read the scroll of teleportation, it crumbles to dust.
You feel strangely unstable. The ufetubus barely misses you.
The ufetubus hits you but does no damage.
The iguana closely misses you. The ufetubus hits you.
The ufetubus hits you but does no damage.
2682 ||| Stepping ~*~*~tactically~*~*~ (outnumbered).
The iguana attacks as you move away! The iguana bites you.
You hit the iguana but do no damage.
The iguana is severely wounded.
The ufetubus hits you but does no damage. x2
The iguana bites you.
You die...

#....#...$......
##>...............
#.................#
..................
#...#..........$##
####..##..<........#
##......#W...........
#.....5.Jzw.........#
##...@l###..o.......#
#.....####..........
#......#..........w..
#.............o......
##.................#.
##...........#...##
............##...#
.............# ....#
.......### ...#


You could see a phantom, a worm, an iguana, a jelly, a wight and an ufetubus.

Vanquished Creatures
  A necrophage (D:5)
  An orc priest (D:3)
  7 adders
  A worm (D:2)
  8 orcs (D:3)
  7 endoplasms
  A giant cockroach (D:3)
  4 goblins
  6 hobgoblins
  4 quokkas
  2 ball pythons
  3 bats (D:2)
  5 frilled lizards
  A kobold (D:1)
  3 rats
  A spectral kobold (D:2)
55 creatures vanquished.

Notes
Turn   | Place    | Note
-------+----------+-------------------------------------------
     0 | D:1      | qw the Ghoul Fire Elementalist began the quest for the Orb.
     0 | D:1      | Reached XP level 1. HP: 14/14 MP: 2/2
     0 | D:1      | 0 ||| qw: Version: 0.1-a-90-g952f4b7
     0 | D:1      | 0 ||| qw: Game counter: 4293
     0 | D:1      | 0 ||| qw: Always use a shield: true
     0 | D:1      | 0 ||| qw: God list: Okawaru
     0 | D:1      | 0 ||| qw: Allow faded altars: false
     0 | D:1      | 0 ||| qw: Do Orc after D:15 true
     0 | D:1      | 0 ||| qw: Do second Lair branch before Depths: true
     0 | D:1      | 0 ||| qw: Lair rune preference: random
     0 | D:1      | 0 ||| qw: Plans: Normal
     0 | D:1      | 0 ||| PLANNING D:1-11
    62 | D:1      | Found a burning altar of Makhleb.
   232 | D:1      | Reached skill level 1 in Unarmed Combat
   447 | D:1      | Reached skill level 1 in Fighting
   447 | D:1      | Reached XP level 2. HP: 18/23 MP: 3/3
   521 | D:1      | Found Keadduiv's Distillery.
   526 | D:1      | 526 ||| SHOPLISTING 2 potions of haste (200 gold, have 31).
   526 | D:1      | 526 ||| SHOPLISTING 2 potions of might (80 gold, have 31).
   526 | D:1      | 526 ||| BUYING potion of curing (30 gold).
   526 | D:1      | Bought a potion of curing for 30 gold pieces
   526 | D:1      | 526 ||| SHOPLISTING potion of curing (30 gold, have 1).
   526 | D:1      | 526 ||| SHOPLISTING potion of haste (100 gold, have 1).
   526 | D:1      | 526 ||| SHOPLISTING potion of might (40 gold, have 1).
   829 | D:1      | 829 ||| Stepping ~*~*~tactically~*~*~ (stealth).
  1185 | D:1      | 1185 ||| UPGRADING to +0 ring mail.
  1195 | D:1      | 1195 ||| DROPPING +0 robe.
  1196 | D:1      | 1196 ||| UPGRADING to amulet of regeneration.
  1201 | D:1      | 1201 ||| READING scroll labelled MAQUCA YFREE.
  1202 | D:1      | 1202 ||| READING scroll labelled TUARCH MEUFOMU.
  1203 | D:1      | 1203 ||| READING scroll labelled NAJON KOIPPIN.
  1204 | D:1      | 1204 ||| DROPPING potion of magic.
  1282 | D:2      | Reached skill level 2 in Unarmed Combat
  1294 | D:2      | Reached XP level 3. HP: 28/28 MP: 4/4
  1360 | D:2      | Reached skill level 3 in Unarmed Combat
  1622 | D:2      | Reached XP level 4. HP: 28/35 MP: 5/5
  1658 | D:2      | Found a faded altar of an unknown god.
  1829 | D:2      | Found a stormy altar of Qazlal.
  2182 | D:2      | 2182 ||| UPGRADING to +0 pair of boots.
  2187 | D:2      | 2187 ||| UPGRADING to +0 pair of gloves.
  2192 | D:2      | 2192 ||| READING 2 scrolls labelled WOIBAT SIEN.
  2193 | D:2      | 2193 ||| READING 2 scrolls labelled UCSOBO WIAR.
  2196 | D:2      | 2196 ||| READING scroll labelled WUTHYUJUCW.
  2197 | D:2      | 2197 ||| DROPPING scroll of poison.
  2246 | D:3      | 2246 ||| STAIRDANCE
  2255 | D:3      | Reached skill level 4 in Unarmed Combat
  2283 | D:3      | 2283 ||| Stepping ~*~*~tactically~*~*~ (stealth).
  2292 | D:3      | 2292 ||| Stepping ~*~*~tactically~*~*~ (stealth).
  2296 | D:3      | 2296 ||| Stepping ~*~*~tactically~*~*~ (stealth).
  2297 | D:3      | 2297 ||| Stepping ~*~*~tactically~*~*~ (stealth).
  2386 | D:3      | 2386 ||| Stepping ~*~*~tactically~*~*~ (stealth).
  2388 | D:3      | 2388 ||| Stepping ~*~*~tactically~*~*~ (stealth).
  2389 | D:3      | 2389 ||| Stepping ~*~*~tactically~*~*~ (stealth).
  2407 | D:3      | Reached XP level 5. HP: 42/42 MP: 6/6
  2426 | D:3      | Found a transporter.
  2426 | D:3      | Noticed a black bear
  2426 | D:3      | Noticed qw's ghost (amateur TeWr)
  2530 | D:3      | You fall into a shaft and drop 3 floors!
  2545 | D:6      | 2545 ||| UPGRADING to +2 leather armour of fire resistance.
  2555 | D:6      | 2555 ||| DROPPING +0 ring mail.
  2556 | D:6      | 2556 ||| UPGRADING to +0 scale mail.
  2566 | D:6      | 2566 ||| DROPPING +2 leather armour of fire resistance.
  2567 | D:6      | 2567 ||| UPGRADING to +0 chain mail.
  2577 | D:6      | 2577 ||| DROPPING +0 scale mail.
  2578 | D:6      | 2578 ||| READING scroll labelled SIANEFATHRU.
  2579 | D:6      | 2579 ||| DRINKING 2 pink potions.
  2592 | D:5      | Entered Level 5 of the Dungeon
  2629 | D:5      | Found a bloodstained altar of Trog.
  2650 | D:5      | 2650 ||| Stepping ~*~*~tactically~*~*~ (outnumbered).
  2651 | D:5      | 2651 ||| Stepping ~*~*~tactically~*~*~ (outnumbered).
  2652 | D:5      | 2652 ||| Stepping ~*~*~tactically~*~*~ (outnumbered).
  2654 | D:5      | HP: 10/42 [ufetubus (1)]
  2655 | D:5      | 2655 ||| READING 2 scrolls of teleportation.
  2656 | D:5      | 2656 ||| DRINKING potion of heal wounds.
  2657 | D:5      | 2657 ||| Stepping ~*~*~tactically~*~*~ (outnumbered).
  2663 | D:5      | Noticed a phantom
  2667 | D:5      | 2667 ||| Stepping ~*~*~tactically~*~*~ (outnumbered).
  2668 | D:5      | 2668 ||| Stepping ~*~*~tactically~*~*~ (outnumbered).
  2669 | D:5      | 2669 ||| Stepping ~*~*~tactically~*~*~ (outnumbered).
  2670 | D:5      | 2670 ||| Stepping ~*~*~tactically~*~*~ (outnumbered).
  2671 | D:5      | 2671 ||| Stepping ~*~*~tactically~*~*~ (outnumbered).
  2672 | D:5      | 2672 ||| Stepping ~*~*~tactically~*~*~ (outnumbered).
  2679 | D:5      | 2679 ||| Stepping ~*~*~tactically~*~*~ (hiding).
  2680 | D:5      | HP: 8/42 [iguana (6)]
  2681 | D:5      | 2681 ||| READING scroll of teleportation.
  2682 | D:5      | 2682 ||| Stepping ~*~*~tactically~*~*~ (outnumbered).
  2682 | D:5      | HP: 1/42 [iguana (4)]
  2683 | D:5      | Slain by an iguana

Levels and vault maps discovered:
D:1:      sevenhm_arrival_forest_fort_small_6, layout_basic, serial_shops, shop
D:2:      layout_loops_corners, dreamdust_ecumenical_altar_drowned_temple,
          basic_altar
D:3:      minmay_diamond_boxcup, layout_rooms, gammafunk_ghost_arena
D:5:      layout_cave_pools, marbit_many_paths, fiery_altar_vehumet,
          mainiacjoe_overflow_tiny_flanked, grunt_decor_arrowhead
D:6:      layout_layer_cave

Skill      XL: |  1  2  3  4  5 |
---------------+----------------+-----
Unarmed Combat | 1 2 3 4 |  4.3
Fighting       | 1 2 |  2.7
Armour         | 2 |  2.1
Dodging        | |  1.7
Stealth        | |  2.1
Spellcasting   | |  1.7
Conjurations   | |  0.7
Fire Magic     | |  2.4

Action                   |  1- 3 |  4- 6 || total
-------------------------+-------+-------++-------
Melee: Unarmed           |   118 |   149 ||   267
       Punch             |     2 |     6 ||     8
Throw: Javelin           |     3 |    23 ||    26
       Boomerang         |       |     8 ||     8
  Use: Scroll            |     3 |     6 ||     9
       Potion            |       |     2 ||     2
Armor: Robe              |     4 |       ||     4
       Ring mail         |    25 |    54 ||    79
       Chain mail        |       |    46 ||    46
Dodge: Dodged            |    61 |    82 ||   143

Table legend:
 A = Non-vault XP
 B = Vault XP
 C = Vault XP percentage of total XP
 D = Non-vault monster count
 E = Vault monster count
 F = Vault count percentage of total count
                 A         B        C        D         E       F
            +---------+---------+-------+---------+---------+-------
      Total |     308 |       1 |   0.3 |      54 |       1 |   1.8
            +---------+---------+-------+---------+---------+-------
        D:1 |      23 |       0 |   0.0 |      14 |       0 |   0.0
        D:2 |      85 |       1 |   1.2 |      21 |       1 |   4.5
        D:3 |     102 |       0 |   0.0 |      17 |       0 |   0.0
        D:5 |      85 |       0 |   0.0 |       1 |       0 |   0.0
        D:6 |      13 |       0 |   0.0 |       1 |       0 |   0.0
            +---------+---------+-------+---------+---------+-------
